 Dungeon Crawl Stone Soup version 0.28.0-45-g0d030f2227 (webtiles) character file.

Game seed: 5616559173272674696

95684 MisterFreud the Warrior (level 15, -19/186 HPs)
             Began as a Red Draconian Transmuter on Apr 3, 2022.
             Was a High Priest of Cheibriados.
             Demolished by an orc warlord
             ... wielding a +3 great sword
              (35 damage)
             ... on level 2 of the Orcish Mines.
             The game lasted 01:03:12 (33244 turns).

MisterFreud the Warrior (Red Draconian Transmuter) Turns: 33244, Time: 01:03:12

Health: -19/186    AC:  9    Str: 26    XL:     15   Next: 67%
Magic:  17/24      EV: 23    Int: 31    God:    Cheibriados [*****.]
Gold:   1217       SH:  0    Dex: 25    Spells: 16/26 levels left

rFire   + . .      SeeInvis +     - Unarmed
rCold   + + +      Faith    .   (shield currently unavailable)
rNeg    . . .      Spirit   .   (armour unavailable)
rPois   +          Reflect  .   (helmet currently unavailable)
rElec   .          Harm     .   (cloak currently unavailable)
rCorr   .          Rampage  .   (gloves currently unavailable)
Will    +....                   (boots currently unavailable)
Stlth   ++........              F - amulet "Veuf" {Acrobat rF++ rC+ Dex-2}
HPRegen 0.41/turn               D - ring of see invisible
MPRegen 0.19/turn               t - +4 ring of evasion

@: ice-form, studying Short Blades, very slow
A: freezing attack, amphibious, boosted hp, (breathe fire), AC +9, large,
unfitting armour, (fire resistance 1), (cold-blooded)
a: End Transformation, Renounce Religion, Bend Time, Temporal Distortion,
Slouch, Step From Time


You were on level 2 of the Orcish Mines.
You worshipped Cheibriados.
Cheibriados was extremely pleased with you.
You were a creature of crystalline ice.
You visited 4 branches of the dungeon, and saw 24 of its levels.
You also visited: Ossuary.

You collected 1262 gold pieces.
You spent 45 gold pieces at shops.

Inventory:

Missiles
 c - 24 boomerangs
 l - 31 poisoned darts
 m - 6 throwing nets
 J - 15 atropa-tipped darts
 P - 6 boomerangs of dispersal
 R - 6 silver javelins
Armour
 d - a scarf of harm
 y - a +0 pair of gloves (melded)
 B - a +1 hat of see invisible (melded)
 X - a +1 pair of boots (melded)
Jewellery
 j - a +6 ring of dexterity
 t - a +4 ring of evasion (right front paw)
 v - a ring of flight
 w - a ring of resist corrosion
 x - a ring of positive energy
 D - a ring of see invisible (left front paw)
 F - the amulet "Veuf" (around neck) {Acrobat rF++ rC+ Dex-2}
   (You acquired it on level 10 of the Dungeon)

   [amulet of the acrobat]

   It increases your evasion while moving and waiting.
   Dex:       It affects your dexterity (-2).
   rF:        It greatly protects you from fire.
   rC:        It protects you from cold.
 S - an amulet of regeneration
 Y - a ring of protection from cold
Wands
 f - a wand of iceblast (6)
 g - a wand of flame (21)
 u - a wand of digging (4)
 G - a wand of mindburst (3)
 V - a wand of charming (5)
Scrolls
 b - 6 scrolls of immolation
 h - 3 scrolls of teleportation
 C - 3 scrolls of summoning
 E - 5 scrolls of enchant weapon
 H - 3 scrolls of fog
 I - a scroll of silence
 K - 3 scrolls of brand weapon
 M - 8 scrolls of identify
 N - 2 scrolls of magic mapping
 O - 6 scrolls of enchant armour
 Q - a scroll of amnesia
 U - a scroll of torment
Potions
 a - 3 potions of attraction
 e - 4 potions of might
 i - 3 potions of curing
 k - 4 potions of lignification
 n - 6 potions of brilliance
 o - 3 potions of berserk rage
 p - 5 potions of magic
 q - 3 potions of flight
 z - 4 potions of mutation
 A - a potion of invisibility
 L - 7 potions of ambrosia
Miscellaneous
 T - a box of beasts (inert)
 W - a phial of floods (inert)
 Z - a tin of tremorstones (2/2)


   Skills:
 - Level 20.0 Fighting
 + Level 11.5 Dodging
 - Level 0.2 Stealth
 - Level 12.0 Unarmed Combat
 - Level 6.0 Spellcasting
 - Level 10.0 Transmutations
 - Level 5.0 Fire Magic
 - Level 2.0 Poison Magic
 - Level 8.0 Invocations
 - Level 10.0 Evocations


You had 16 spell levels left.
You knew the following spells:

 Your Spells              Type           Power      Damage    Failure   Level
a - Beastly Appendage     Tmut           100%       N/A       1%          1
b - Spider Form           Tmut/Pois      46%        N/A       1%          3
c - Ice Form              Ice/Tmut       40%        N/A       6%          4
d - Scorch                Fire           80%        2d9       1%          2

Your spell library contained the following spells:

 Spells                   Type           Power      Damage    Failure   Level
 Passwall                 Tmut/Erth      33%        N/A       1%          2
 Wereblood                Tmut           63%        N/A       1%          2
 Blade Hands              Tmut           31%        N/A       2%          5
 Animate Skeleton         Necr           18%        N/A       4%          1
 Apportation              Tloc           18%        N/A       4%          1
 Freeze                   Ice            36%        1d6       4%          1
 Magic Dart               Conj           36%        1d4       4%          1
 Sandblast                Erth           18%        2d7       4%          1
 Summon Small Mammal      Summ           36%        N/A       4%          1
 Call Imp                 Summ           9%         N/A       8%          2
 Ensorcelled Hibernation  Hex/Ice        18%        N/A       8%          2
 Static Discharge         Conj/Air       9%         N/A       8%          2
 Mephitic Cloud           Conj/Pois/Air  13%        N/A       12%         3
 Alistair's Intoxication  Tmut/Pois      30%        N/A       12%         5
 Call Canine Familiar     Summ           9%         N/A       14%         3
 Frozen Ramparts          Ice            18%        1d3       14%         3
 Ozocubu's Armour         Ice            9%         N/A       14%         3
 Portal Projectile        Hex/Tloc       18%        N/A       14%         3
 Stone Arrow              Conj/Erth      18%        3d8       14%         3
 Summon Guardian Golem    Hex/Summ       9%         N/A       14%         3
 Irradiate                Conj/Tmut      20%        3d20      17%         5
 Anguish                  Hex/Necr       4%         N/A       43%         4
 Cause Fear               Hex            4%         N/A       43%         4
 Hailstorm                Conj/Ice       9%         3d4       43%         4
 Leda's Liquefaction      Hex/Erth       4%         N/A       43%         4
 Dragon Form              Tmut           31%        N/A       56%         7
 Metabolic Englaciation   Hex/Ice        4%         N/A       80%         5
 Simulacrum               Ice/Necr       4%         N/A       100%        6
 Haunt                    Necr/Summ      4%         N/A       100%        7
 Summon Hydra             Summ           4%         N/A       100%        7
 Dragon's Call            Summ           4%         N/A       100%        9


Dungeon Overview and Level Annotations

Branches:
Dungeon (15/15)            Temple (1/1) D:4            Lair (6/6) D:10
  Swamp (0/4) Lair:4        Snake (0/4) Lair:3        Slime (0/5) Lair:6
    Orc (2/2) D:9          Vaults (0/5) D:13         Depths (0/4) D:15
Ossuary (visited)
    Elf: Orc:2

Altars:
Ashenzari
Cheibriados
Elyvilon
Fedhas
Gozag
Kikubaaqudgha
Makhleb
Trog
Vehumet
Wu Jian
Jiyva

Shops:
D:3 =   D:5 [   D:7 ?

Annotations:
D:12 3 runed translucent doors, fgae53's ghost, journeyman MiBe
Lair:2 1 runed translucent door, Ciovowug's ghost, journeyman DrTm
Lair:5 2 transporters, Riymurr's ghost, journeyman MfMo
Lair:6 exclusion: oklob plant


Innate Abilities, Weirdness & Mutations

You are a creature of crystalline ice.
You have a powerful freezing melee attack.
You are amphibious.
Your maximum health is increased.
Your armour is entirely melded.
You are incapable of wielding weapons or throwing items.
((You can breathe blasts of fire.))
((Your fiery red scales are hard. (AC +9)))
You cannot fit into any form of body armour.
((Your flesh is heat resistant. (rF+)))
((You are cold-blooded and may be slowed by cold attacks.))


Message History

You pummel the orc warlord!! You freeze the orc warlord.
The orc warlord is moderately wounded.
The orc warlord hits you with a +3 great sword!!
* * * LOW HITPOINT WARNING * * *
You hit the orc warlord but do no damage.
The orc warlord is moderately wounded.
The orc warlord hits you with a +3 great sword!!
* * * LOW HITPOINT WARNING * * *
You punch the orc warlord!
The orc warlord is moderately wounded.
The orc warlord hits you with a +3 great sword!
* * * LOW HITPOINT WARNING * * *
Aim the phial where?
Press: ? - help, Shift-Dir - straight line, f/p - orc warlord
Aim: an orc warlord, wielding a +3 great sword and wearing a +4 plate armour of cold resistance (moderately wounded)
The torrent of water hits the orc warlord!!
The orc warlord is severely wounded.
The orc warlord is knocked back by the torrent of water.
The wave splashes down.
Floosh!
The troll is engulfed in water.
The orc warlord is engulfed in water.
You hear a shout! x14
The troll closely misses you. x2; The troll completely misses you.
Unknown command.
Unknown command.
Unknown command.
Unknown command.
Unknown command.
Activating: Slouch (4% risk of failure)
Press: ? - help, Dir - look around, f - activate You can feel time thicken for a moment.
Cheibriados lowers the support of your attributes as your movement quickens.
The troll completely misses you. The troll misses you.
The troll barely misses you.
Activating: Slouch (5% risk of failure)
Press: ? - help, Dir - look around, f - activate You fail to use your ability.
The troll completely misses you. The troll closely misses you.
The troll claws you but does no damage.
The orc warlord hits you with a +3 great sword!!
You die...

...T #.... ##...T.
####.......
#####..........
##≈##)..........
##≈≈))##.......#
#.To###.......#####
##Y## #.......##...
### #.............
##............
##...........
##..........
####.......
##...$.. ........
.........


You could see an orc warlord (waterlogged) and a troll (waterlogged).

Vanquished Creatures
  Jorgrun (D:14)
  Frances (D:12)
  Kirke (Lair:4)
  3 ghouls (D:15)
  Nessos (Lair:5)
  A spark wasp (shapeshifter) (D:13)
  Josephine (D:12)
  A rakshasa (D:13)
  Harold (D:8)
  2 boulder beetles
  An ice dragon (Lair:6)
  3 hydras
  2 two-headed ogres
  8 centaur warriors
  3 death knights
  A satyr (shapeshifter) (D:13)
  3 death yaks (D:10)
  An orc high priest (Orc:1)
  5 tengu warriors
  A vampire mage (D:15)
  2 skeletal warriors
  A fire crab (Lair:6)
  A wizard (D:15)
  2 bog bodies (Lair:4)
  A phantasmal warrior (D:12)
  A necromancer (D:15)
  2 deep elf pyromancers (D:12)
  8 ugly things
  7 cyclopes
  6 orc knights
  A deep elf zephyrmancer (D:15)
  4 manticores
  2 frost giant zombies (D:15)
  A wolf spider (D:13)
  An elephant (shapeshifter) (D:13)
  An iron dragon skeleton (D:15)
  A torpor snail (Lair:6)
  5 black mambas
  11 elephants
  A molten gargoyle (D:14)
  14 cane toads
  2 unseen horrors
  A tengu conjurer (D:14)
  A rime drake (Lair:5)
  2 freezing wraiths (D:12)
  Psyche (D:9)
  A yaktaur (D:15)
  8 komodo dragons
  8 trolls
  A guardian mummy (D:15)
  A queen bee (shapeshifter) (D:13)
  A queen bee (Lair:4)
  6 hornets
  4 meliai
  4 polar bears
  A merfolk (D:12)
  20 slime creatures
  14 blink frogs
  A dream sheep (shapeshifter) (D:13)
  4 dream sheep (Lair:6)
  A centaur simulacrum (D:15)
  A spriggan zombie (D:15)
  A jumping spider (shapeshifter) (D:13)
  A spriggan (shapeshifter) (D:13)
  11 spriggans (Lair:6)
  31 yaks
  4 wyverns
  6 wraiths
  4 vampire mosquitoes
  5 hogs (Lair:4)
  4 basilisks
  A steam dragon (D:8)
  Menkaure (D:6)
  6 wargs
  An acid dragon (D:11)
  18 water moccasins
  5 black bears (Lair:6)
  2 hornet zombies (Ossuary)
  12 orc warriors
  An ice beast (D:7)
  3 sky beasts
  5 boggarts (Lair:6)
  A necrophage (D:8)
  7 ogres
  25 wolves
  20 centaurs
  2 phantoms
  4 kobold brigands
  12 bullfrogs
  A scorpion (Temple)
  5 gnoll sergeants (D:9)
  A scorpion (shapeshifter) (D:13)
  A water moccasin zombie (Ossuary)
  A water moccasin skeleton (D:5)
  3 wyvern zombies
  29 killer bees
  2 howler monkeys
  3 bullfrog zombies
  9 centaur zombies
  A gnoll shaman (D:5)
  12 orc priests
  4 hounds
  2 bullfrog skeletons
  6 iguanas
  14 orc wizards
  13 hell rats
  2 killer bee zombies
  4 howler monkey zombies (Ossuary)
  18 mummies
  14 gnolls
  7 adders
  2 river rats (D:10)
  A shadow imp (D:5)
  4 white imps
  An ufetubus (D:5)
  2 worms (D:2)
  2 dart slugs
  69 orcs
  3 bats
  6 endoplasms
  4 giant cockroaches
  6 goblins
  6 hobgoblins
  2 jackals (D:1)
  14 kobolds
  4 quokkas
  7 ball pythons
  2 frilled lizards
  6 rats
683 creatures vanquished.

Vanquished Creatures (others)
  A centaur (D:13)
  48 fungi
  59 plants
  13 withered plants
121 creatures vanquished.

Grand Total: 804 creatures vanquished

Notes
Turn   | Place    | Note
-------+----------+-------------------------------------------
     0 | D:1      | MisterFreud the Draconian Transmuter began the quest for
                  | the Orb.
     0 | D:1      | Reached XP level 1. HP: 16/16 MP: 3/3
   106 | D:1      | Reached XP level 2. HP: 11/23 MP: 3/5
  1147 | D:2      | Reached XP level 3. HP: 26/28 MP: 6/6
  1243 | D:3      | Learned a level 3 spell: Spider Form
  1691 | D:3      | Found Uxuletso's Jewellery Emporium.
  1691 | D:3      | Noticed a centaur
  1699 | D:3      | Killed a centaur
  1700 | D:3      | Reached XP level 4. HP: 29/35 MP: 3/7
  2043 | D:2      | Found a faded altar of an unknown god.
  2650 | D:3      | Reached XP level 5. HP: 39/40 MP: 5/8
  3350 | D:4      | Found a staircase to the Ecumenical Temple.
  3376 | Temple   | Entered the Ecumenical Temple
  3378 | Temple   | Reached skill level 5 in Unarmed Combat
  3378 | Temple   | Reached XP level 6. HP: 25/47 MP: 7/9
  3622 | Temple   | Became a worshipper of Cheibriados the Contemplative
  4015 | D:5      | Entered Level 5 of the Dungeon
  4027 | D:5      | Found Viptay's Antique Armour Shop.
  4371 | D:5      | Reached skill level 2 in Fighting
  4479 | D:5      | Reached skill level 3 in Fighting
  4633 | D:5      | Reached skill level 4 in Fighting
  4633 | D:5      | Your scales start taking on a fiery red colour.
  4633 | D:5      | Reached XP level 7. HP: 47/59 MP: 6/10
  4633 | D:5      | Gained mutation: Your flesh is heat resistant. (rF+) [Red
                  | Draconian growth]
  5265 | D:5      | Reached * piety under Cheibriados
  5926 | D:6      | Reached skill level 5 in Dodging
  5926 | D:6      | Reached XP level 8. HP: 55/66 MP: 8/11
  6083 | D:6      | Found an ornate altar of the Wu Jian Council.
  6298 | D:6      | Found a bloodstained altar of Trog.
  6492 | D:6      | Found a radiant altar of Vehumet.
  6550 | D:6      | Noticed Menkaure
  6551 | D:6      | Killed Menkaure
  7096 | D:7      | Found Vuasacs's Magic Scroll Shop.
  7122 | D:7      | Reached ** piety under Cheibriados
  7130 | D:7      | Reached XP level 9. HP: 60/71 MP: 3/12
  7216 | D:7      | Found a sand-covered staircase.
  7225 | Ossuary  | Entered an ossuary
  7485 | Ossuary  | Reached skill level 10 in Unarmed Combat
  7673 | Ossuary  | Reached skill level 5 in Fighting
  7961 | D:7      | Reached skill level 6 in Fighting
  7985 | D:7      | Bought a scroll of fear for 45 gold pieces
  8254 | D:8      | You fall into a shaft and drop 2 floors!
  8254 | D:10     | Entered Level 10 of the Dungeon
  8254 | D:10     | Noticed a death yak
  8254 | D:10     | Noticed a death yak
  8254 | D:10     | Noticed a troll
  8254 | D:10     | Found a staircase to the Lair.
  8259 | D:10     | Noticed a death yak
  8445 | D:10     | Reached skill level 7 in Fighting
  8461 | D:10     | Identified a scroll of acquirement
  8461 | D:10     | Acquired the amulet "Veuf" {Acrobat rF++ rC+ Dex-2}
  8464 | D:10     | Killed a death yak
  8464 | D:10     | Reached *** piety under Cheibriados
  8465 | D:10     | Reached skill level 8 in Fighting
  8729 | D:9      | Noticed a two-headed ogre
  8882 | D:10     | Killed a death yak
  8883 | D:10     | Reached XP level 10. HP: 51/88 MP: 8/13
  8886 | D:10     | Killed a death yak
  9286 | D:9      | Noticed Psyche
  9293 | D:9      | Killed Psyche
  9451 | D:8      | Noticed Harold
  9467 | D:8      | Killed Harold
  9774 | D:8      | Reached **** piety under Cheibriados
 10279 | D:8      | Reached ***** piety under Cheibriados
 10320 | D:8      | Reached XP level 11. HP: 71/95 MP: 13/17
 10702 | D:9      | Reached skill level 9 in Fighting
 10950 | D:9      | Killed a two-headed ogre
 11375 | D:9      | Found a staircase to the Orcish Mines.
 11918 | D:10     | Noticed a two-headed ogre
 11928 | D:10     | Killed a two-headed ogre
 12221 | D:11     | Reached skill level 10 in Fighting
 12229 | D:11     | Noticed a tengu warrior
 12241 | D:11     | Killed a tengu warrior
 12948 | D:12     | Noticed Josephine
 12960 | D:12     | Killed Josephine
 12967 | D:12     | Noticed Frances
 12969 | D:12     | Noticed a deep elf pyromancer
 13330 | D:12     | Found a runed translucent gate.
 13330 | D:12     | Noticed fgae53's ghost (journeyman MiBe)
 13331 | D:12     | Found a runed translucent gate.
 13335 | D:12     | Found a runed translucent gate.
 13432 | D:12     | Killed a deep elf pyromancer
 13505 | D:12     | Noticed a death knight
 13833 | D:12     | Noticed a skeletal warrior
 13835 | D:12     | Noticed a phantasmal warrior
 13859 | D:11     | Killed a skeletal warrior
 13860 | D:11     | Reached skill level 11 in Fighting
 13860 | D:11     | Reached XP level 12. HP: 34/110 MP: 15/18
 14137 | D:11     | Learned a level 4 spell: Ice Form
 14209 | Lair:1   | Entered Level 1 of the Lair of Beasts
 14690 | Lair:1   | Reached skill level 5 in Transmutations
 15525 | Lair:1   | Got Molanwah's Foundations of Theurgy
 15876 | Lair:2   | Found a runed translucent door.
 15886 | Lair:2   | Noticed Ciovowug's ghost (journeyman DrTm)
 17263 | Lair:3   | Reached ****** piety under Cheibriados
 17344 | Lair:3   | Reached skill level 12 in Fighting
 17376 | Lair:3   | Found a staircase to the Snake Pit.
 17412 | Lair:3   | Reached skill level 10 in Dodging
 18369 | Lair:3   | Reached XP level 13. HP: 118/118 MP: 15/19
 18477 | Lair:4   | Noticed Kirke
 18506 | Lair:4   | Killed Kirke
 18507 | Lair:4   | Reached skill level 10 in Transmutations
 18507 | Lair:4   | Reached skill level 1 in Evocations
 19323 | Lair:4   | Reached skill level 5 in Evocations
 19423 | Lair:4   | Found a staircase to the Swamp.
 19975 | Lair:4   | Found a blossoming altar of Fedhas.
 20476 | Lair:4   | Acquired a manual of Fighting
 20527 | Lair:5   | Noticed Nessos
 20834 | Lair:5   | Killed Nessos
 20847 | Lair:5   | HP: 5/119 [poisoned by Nessos]
 20853 | Lair:5   | HP: 3/119 [poisoned by Nessos]
 21458 | Lair:5   | Found a transporter.
 21492 | Lair:5   | Noticed Riymurr's ghost (journeyman MfMo)
 21501 | Lair:5   | Found a transporter.
 21846 | Lair:6   | Entered Level 6 of the Lair of Beasts
 21856 | Lair:6   | Found a staircase to the Slime Pits.
 21876 | Lair:6   | Found a viscous altar of Jiyva.
 21922 | Lair:6   | Reached skill level 13 in Fighting
 22543 | Lair:6   | Reached skill level 14 in Fighting
 22700 | Lair:6   | Reached XP level 14. HP: 132/132 MP: 16/20
 23077 | Lair:6   | Got Sif Muna's Reference Book on Creation
 23294 | Lair:6   | Reached skill level 15 in Fighting
 23625 | Lair:6   | Reached skill level 10 in Evocations
 24745 | D:12     | Killed Frances
 24746 | D:12     | Reached skill level 16 in Fighting
 25377 | D:13     | Reached skill level 17 in Fighting
 25571 | D:13     | Found a gate to the Vaults.
 26109 | D:13     | Reached skill level 18 in Fighting
 27129 | D:12     | Learned a level 2 spell: Scorch
 27323 | D:13     | Reached skill level 1 in Fire Magic
 27374 | D:13     | Reached skill level 19 in Fighting
 28305 | D:14     | Reached skill level 5 in Fire Magic
 28319 | D:14     | Reached XP level 15. HP: 73/152 MP: 10/21
 29136 | D:14     | Noticed Jorgrun
 29149 | D:14     | Killed Jorgrun
 29150 | D:14     | Reached skill level 20 in Fighting
 29795 | D:15     | Entered Level 15 of the Dungeon
 30224 | D:15     | Reached skill level 5 in Spellcasting
 31175 | D:15     | Found a staircase to the Depths.
 31924 | Orc:1    | Entered Level 1 of the Orcish Mines
 32460 | Orc:2    | Entered Level 2 of the Orcish Mines
 33093 | Orc:1    | Noticed an orc warlord
 33244 | Orc:2    | Demolished by an orc warlord

Illustrated notes

Levels and vault maps discovered:
D:1:      dpeg_arrival_round_c, layout_loops_ring, minmay_misc_feat_alley,
          grunt_decor_fettered
D:2:      layout_basic, shapermc_ecumenical_altar_gd
D:3:      layout_loops_ring, serial_shops, shop, serial_forest,
          infiniplex_forest_end_2, infiniplex_forest_side_room,
          infiniplex_forest_straight_2, infiniplex_forest_split,
          infiniplex_forest_clump_cross
D:4:      layout_rooms, minmay_temple_entry_stoned_glass, minmay_misc_feat_doors
D:5:      layout_basic, serial_shops, nicolae_shop_trees
D:6:      layout_loops_cross, mainiacjoe_overflow_catwalk, old_standard_altar,
          mainiacjoe_overflow_alcove_4, uniq_menkaure
D:7:      layout_rooms, serial_shops, nicolae_shop_statue_plus,
          nicolae_ossuary_entry_ruins, kennysheep_pointless_box
D:8:      layout_loops_cross, special_room [special_room_orc], uniq_harold
D:9:      layout_loops_ring, kennysheep_orc_monster_closet_entryway, uniq_psyche
D:10:     layout_loops_ring, dpeg_lair_monsters
D:11:     layout_rooms
D:12:     layout_gridville, gammafunk_ghost_nasty_kobolds, hangedman_fish_farm,
          uniq_frances, uniq_josephine
D:13:     layout_irregular_city, david_vaults_2,
          amcnicky_mini_rare_corridor_liquid, minmay_pinched_square
D:14:     layout_basic, serial_bayou_shore_b, kennysheep_donut, uniq_jorgrun
D:15:     gammafunk_depths_entry_grave, layout_irregular_city, serial_undead,
          serial_undead_b, serial_undead_f, serial_undead_b, serial_undead_e,
          hex_tiny
Temple:   mainiacjoe_temple_bowtie_tessellation
Lair:1:   layout_cave_shapes, grunt_megastairs_1
Lair:2:   layout_loops_ring, ebering_ghost_inner_flame,
          chequers_serial_rivers_micro_d
Lair:3:   layout_chaotic_city, minmay_snake_entry_six_corridors,
          guppyfry_lair_drakes, infiniplex_staircase_pool_2
Lair:4:   layout_long_grid, skrybe_swamp_entry_bodies, basic_altar, special_room
          [special_room_bee], grunt_megastairs_4, uniq_kirke
Lair:5:   layout_hall_layers, gammafunk_ghost_berserking_beasts, uniq_nessos
Lair:6:   minmay_lair_end_enchanted_forest, layout_loops_ring, slime_altar_1,
          gauntlet_entry_generic, minmay_lair_oklob_bushes,
          bobbens_ice_dragon_lair
Orc:1:    layout_diamond_mine, basic_altar
Orc:2:    grunt_orc_tribal_feast, layout_diamond_mine

Skill      XL: |  1  2  3  4  5  6  7  8  9 10 11 12 13 14 15 |
---------------+----------------------------------------------+-----
Transmutations | 3 4 9 10 | 10.0
Poison Magic   | 2 |  2.0
Unarmed Combat | 5 6 8 10 12 | 12.0
Fighting       | 4 8 11 12 14 19 20 | 20.0
Dodging        | 2 5 6 8 10 11 | 11.5
Invocations    | 4 8 |  8.0
Evocations     | 9 10 | 10.0
Fire Magic     | 5 |  5.0
Spellcasting   | 6 |  6.0
Stealth        | |  0.2

Action                   |  1- 3 |  4- 6 |  7- 9 | 10-12 | 13-15 || total
-------------------------+-------+-------+-------+-------+-------++-------
Melee: Unarmed           |    79 |   128 |   320 |   548 |   955 ||  2030
       Kick              |     9 |     9 |     6 |       |       ||    24
       Headbutt          |     2 |     1 |     5 |       |       ||     8
       Tailslap          |     4 |    17 |    25 |     4 |    17 ||    67
       Punch             |     2 |     5 |    12 |       |    13 ||    32
 Cast: Beastly Appendage |    15 |    11 |     8 |     1 |       ||    35
       Spider Form       |     1 |     7 |    23 |    58 |    58 ||   147
       Scorch            |       |       |       |       |    10 ||    10
       Ice Form          |       |       |       |       |    22 ||    22
Invok: Slouch            |       |       |       |     3 |    18 ||    21
 Abil: End Transformatio |       |     1 |     1 |     4 |     3 ||     9
       Breathe Fire      |       |       |    28 |    47 |    10 ||    85
Evoke: Wand              |       |       |     3 |     2 |     9 ||    14
       Box of beasts     |       |       |       |       |     1 ||     1
       Phial of floods   |       |       |       |       |     1 ||     1
  Use: Scroll            |       |     8 |    10 |    13 |     9 ||    40
       Potion            |       |       |       |     3 |     7 ||    10
 Stab: Sleeping          |     1 |     3 |     2 |     1 |     5 ||    12
       Distracted        |       |     1 |     3 |       |     1 ||     5
       Invisible         |       |       |       |       |     3 ||     3
Armor: Skin              |    21 |    20 |    41 |    16 |    80 ||   178
Dodge: Dodged            |    64 |    63 |   303 |   643 |  1430 ||  2503
